 Dungeon Crawl Stone Soup version 0.28-a0-872-g80cf8599ee (webtiles) character file.

Game seed: 10905379867754541648

2901 tatocazan the Carver (level 9, -9/81 HPs)
             Began as a Minotaur Fighter on Nov 20, 2021.
             Was an Initiate of Okawaru.
             Mangled by a two-headed ogre (23 damage)
             ... on level 8 of the Dungeon.
             The game lasted 00:10:53 (9728 turns).

tatocazan the Carver (Minotaur Fighter)             Turns: 9728, Time: 00:10:54

Health: -9/81      AC: 15    Str: 22    XL:     9   Next: 49%
Magic:  8/8        EV:  6    Int:  5    God:    Okawaru [......]
Gold:   1296       SH:  9    Dex: 12    Spells: 8/8 levels left

rFire   + . .      SeeInvis .   a - +1 long sword
rCold   x . .      Faith    .   h - +0 kite shield
rNeg    . . .      Spirit   .   y - +0 plate armour
rPois   .          Reflect  .   x - +0 hat
rElec   .          Harm     .   (no cloak)
rCorr   .          Rampage  .   r - +1 pair of gloves
Will    .....                   (no boots)
Stlth   ..........              (no amulet)
HPRegen 0.23/turn               p - ring of fire
MPRegen 0.11/turn               (no ring)

@: no status effects
A: horns 2, retaliatory headbutt
a: Renounce Religion


You were on level 8 of the Dungeon.
You worshipped Okawaru.
Okawaru was noncommittal.
You visited 2 branches of the dungeon, and saw 9 of its levels.

You collected 1296 gold pieces.

Inventory:

Hand Weapons
 a - a +1 long sword (weapon)
Armour
 b - a +0 scale mail
 c - a +0 buckler
 h - a +0 kite shield (worn)
 r - a +1 pair of gloves (worn)
 x - a +0 hat (worn)
 y - a +0 plate armour (worn)
Jewellery
 p - a ring of fire (left hand)
 q - a ring of resist corrosion
 z - a ring of poison resistance
Scrolls
 g - 5 scrolls of identify
 i - a scroll of amnesia
 l - 3 scrolls of teleportation
 o - 2 scrolls of enchant weapon
 s - 2 scrolls of enchant armour
 v - 2 scrolls of fear
Potions
 d - a potion of might
 e - a potion of mutation {unknown}
 f - 2 potions of flight
 j - 2 potions of invisibility {unknown}
 k - 2 potions of attraction {unknown}
 m - 2 potions of lignification {unknown}
 n - a potion of brilliance {unknown}
 t - a potion of degeneration {unknown}
 u - a potion of curing
 w - 2 potions of magic {unknown}


   Skills:
 + Level 7.8 Fighting
 * Level 10.1 Long Blades
 + Level 7.7 Armour
 + Level 6.2 Dodging
 + Level 4.9 Shields


You had 8 spell levels left.
You didn't know any spells.
Your spell library contained the following spells:

 Spells                   Type           Power      Damage    Failure   Level
 Freeze                   Ice            0%         1d3       100%        1
 Magic Dart               Conj           0%         1d3       100%        1
 Slow                     Hex            0%         N/A       100%        1
 Corpse Rot               Necr/Air       0%         N/A       100%        2
 Confusing Touch          Hex            0%         N/A       100%        3
 Frozen Ramparts          Ice            0%         1d2       100%        3
 Mephitic Cloud           Conj/Pois/Air  0%         N/A       100%        3
 Vampiric Draining        Necr           0%         2d6       100%        3
 Dispel Undead            Necr           0%         3d6       100%        4
 Hailstorm                Conj/Ice       0%         3d3       100%        4
 Call Imp                 Summ           Unusable   N/A       N/A         2
 Death Channel            Necr           Unusable   N/A       N/A         6

Dungeon Overview and Level Annotations

Branches:
Dungeon (8/15)             Temple (1/1) D:6
   Lair: D:8-11

Altars:
Ashenzari
Dithmenos
Elyvilon
Fedhas
Gozag
Hepliaklqana
Kikubaaqudgha
Makhleb
Nemelex Xobeh
Okawaru
Qazlal
Ru
Sif Muna
Trog
Uskayaw
Vehumet
Wu Jian
Xom
Yredelemnul
Zin
The Shining One

Shops:
D:2 *


Innate Abilities, Weirdness & Mutations

You have a pair of horns on your head.
You reflexively headbutt those who attack you in melee.


Message History

Found a book of Alchemy.
The two-headed ogre hits you but does no damage.
The two-headed ogre hits you with a +0 giant spiked club!!
You take 20 damage, and have 56/81 hp.
MASSIVE DAMAGE!!
You barely miss the two-headed ogre. You headbutt the two-headed ogre!
The two-headed ogre is lightly wounded.
The two-headed ogre barely misses you. You block the two-headed ogre's attack.
You hit the two-headed ogre.
You headbutt the two-headed ogre, but do no damage.
The two-headed ogre is moderately wounded.
You block the two-headed ogre's attack.
The two-headed ogre hits you with a +0 giant spiked club!!
You take 23 damage, and have 33/81 hp.
MASSIVE DAMAGE!!
You are too injured to fight recklessly!
You are too injured to fight recklessly!
You are too injured to fight recklessly!
You are too injured to fight recklessly!
You are too injured to fight recklessly!
You are too injured to fight recklessly!
You are too injured to fight recklessly!
You are too injured to fight recklessly!
You are too injured to fight recklessly!
You are too injured to fight recklessly!
You are too injured to fight recklessly!
You are too injured to fight recklessly!
You are too injured to fight recklessly!
You are too injured to fight recklessly!
You are too injured to fight recklessly!
You are too injured to fight recklessly!
You are too injured to fight recklessly!
You are too injured to fight recklessly!
You are too injured to fight recklessly!
You slash the two-headed ogre!
The two-headed ogre is heavily wounded.
You closely miss the two-headed ogre.
The two-headed ogre is heavily wounded.
The two-headed ogre hits you with a +0 giant club!!
* * * LOW HITPOINT WARNING * * *
The two-headed ogre hits you with a +0 giant spiked club!!
You die...

.......:# .........
........#.#
........#.# .#
........#.###.##
........#.##....
......O.#.##..###
.......@.....>..#
..###.....##..#.#..
#.....)).........
#.##'#)....##.# ..
#.....#<.<.# .#
#...#.#....#
#.....#......#
###.....$.####
.........


You could see a two-headed ogre.

Vanquished Creatures
  Prince Ribbit (D:6)
  Sigmund (D:6)
  3 steam dragons
  2 sky beasts
  An orc warrior (D:7)
  A black bear (D:5)
  An ice beast (D:5)
  2 ogres (D:7)
  2 necrophages
  2 centaurs
  3 kobold brigands
  A bullfrog (D:7)
  2 scorpions (D:5)
  3 howler monkeys
  A bullfrog zombie (D:7)
  2 centaur zombies
  2 hounds (D:7)
  A jelly (D:4)
  A centaur skeleton (D:6)
  An orc priest (D:8)
  A gnoll shaman (D:7)
  2 iguanas (D:5)
  Natasha (thrice) (D:4)
  3 orc wizards
  A hound skeleton (D:5)
  A howler monkey skeleton (D:5)
  4 gnolls (D:7)
  4 adders
  A shadow imp (D:8)
  2 white imps
  An adder skeleton (D:4)
  2 dart slugs
  15 orcs
  15 bats
  5 endoplasms
  2 giant cockroaches
  7 hobgoblins
  2 jackals (D:4)
  19 kobolds
  A quokka (D:3)
  9 ball pythons
  5 frilled lizards
  6 goblins
  3 rats
147 creatures vanquished.

Vanquished Creatures (others)
  A kobold (D:6)
1 creature vanquished.

Grand Total: 148 creatures vanquished

Notes
Turn   | Place    | Note
-------+----------+-------------------------------------------
     0 | D:1      | tatocazan the Minotaur Fighter began the quest for the Orb.
     0 | D:1      | Reached XP level 1. HP: 19/19 MP: 0/0
   329 | D:1      | Reached XP level 2. HP: 27/27 MP: 1/1
   462 | D:1      | Reached skill level 3 in Long Blades
   589 | D:1      | Reached skill level 1 in Dodging
   662 | D:1      | Reached XP level 3. HP: 33/33 MP: 2/2
  1114 | D:2      | Found an ornate altar of the Wu Jian Council.
  1855 | D:2      | Reached XP level 4. HP: 40/40 MP: 3/3
  2054 | D:2      | Found Kurosoul's Assorted Antiques.
  2236 | D:3      | Found a shadowy altar of Dithmenos.
  2433 | D:3      | Found a faded altar of an unknown god.
  2687 | D:3      | Reached skill level 4 in Long Blades
  3166 | D:4      | Reached XP level 5. HP: 31/47 MP: 4/4
  3419 | D:4      | Noticed Natasha
  3422 | D:4      | Killed Natasha
  3521 | D:4      | Reached skill level 5 in Long Blades
  3900 | D:4      | Reached XP level 6. HP: 50/55 MP: 5/5
  3903 | D:4      | Noticed Natasha
  3916 | D:4      | Killed Natasha
  4042 | D:4      | Noticed Natasha
  4048 | D:4      | Killed Natasha
  4049 | D:4      | Reached skill level 5 in Fighting
  4236 | D:4      | Found a blossoming altar of Fedhas.
  4485 | D:5      | Entered Level 5 of the Dungeon
  4491 | D:5      | Noticed an ice beast
  4493 | D:5      | Killed an ice beast
  4494 | D:5      | Reached skill level 5 in Armour
  4497 | D:5      | Reached skill level 6 in Long Blades
  4509 | D:5      | Noticed a sky beast
  4511 | D:5      | Reached XP level 7. HP: 53/61 MP: 6/6
  4765 | D:5      | Reached skill level 7 in Long Blades
  5415 | D:6      | Noticed a steam dragon
  5850 | D:6      | Found a staircase to the Ecumenical Temple.
  5853 | D:6      | Noticed Sigmund
  6261 | D:6      | Reached XP level 8. HP: 69/70 MP: 7/7
  6676 | D:6      | Killed Sigmund
  6677 | D:6      | Reached skill level 8 in Long Blades
  6719 | Temple   | Entered the Ecumenical Temple
  6934 | D:6      | Identified a scroll of acquirement
  6934 | D:6      | Acquired 933 gold pieces
  7001 | D:6      | Noticed Prince Ribbit
  7014 | D:6      | Killed Prince Ribbit
  7015 | D:6      | Reached skill level 5 in Dodging
  7670 | D:7      | Found a hide-covered altar of Uskayaw.
  7670 | D:7      | Found an opulent altar of Gozag.
  7670 | D:7      | Found a stormy altar of Qazlal.
  7732 | D:7      | Reached skill level 9 in Long Blades
  8260 | D:7      | Reached XP level 9. HP: 60/79 MP: 8/8
  8736 | D:7      | Found an iron altar of Okawaru.
  8744 | D:7      | Became a worshipper of Warmaster Okawaru
  9392 | D:7      | Found a bloodstained altar of Trog.
  9500 | D:7      | Found a glowing silver altar of Zin.
  9660 | D:7      | Reached skill level 10 in Long Blades
  9720 | D:8      | Noticed a two-headed ogre
  9728 | D:8      | Mangled by a two-headed ogre

Illustrated notes

Levels and vault maps discovered:
D:1:      saegor_arrival_simple_b, layout_loops_corners, amethyst_killhole
D:2:      layout_loops_corners, serial_aquarium, aquarium_bridge_island_small
          [aquarium_subvault_small_water, aquarium_subvault_balcony,
          aquarium_subvault_wall, aquarium_subvault_window,
          aquarium_subvault_bridge], aquarium_window_1,
          aquarium_window_corridor_3, aquarium_window_1, aquarium_view_2b,
          serial_shops, nicolae_lakefront_shop, minmay_misc_feat_hallway,
          minmay_hexomino_r4
D:3:      layout_loops_corners, nicolae_dithmenos_the_darkroom,
          chequers_ecumenical_altar_lobes
D:4:      layout_basic, kennysheep_mini, hex_tiny, uniq_natasha
D:5:      layout_rooms, grunt_ministairs_4, roderic_serpentine_path
D:6:      layout_cave_pods, minmay_temple_entry_ruins, uniq_prince_ribbit1,
          uniq_sigmund
D:7:      layout_loops_ring, mainiacjoe_overflow_catwalk, zin_treasury,
          chequers_temple_overflow_statue_of_worship,
          kennysheep_okawaru_gauntlet, minmay_misc_feat_pillars,
          amcnicky_mini_rare_corridor_liquid
D:8:      layout_basic, kennysheep_slug_shrine
Temple:   cyrus_circular_temple

Skill      XL: |  1  2  3  4  5  6  7  8  9 |
---------------+----------------------------+-----
Long Blades    | 3 4 5 6 7 9 10 | 10.1
Armour         | 4 5 6 7 |  7.7
Dodging        | 1 2 3 4 5 6 |  6.2
Fighting       | 4 5 6 7 |  7.8
Shields        | 4 |  4.9

Action                   |  1- 3 |  4- 6 |  7- 9 || total
-------------------------+-------+-------+-------++-------
Melee: Long sword        |    91 |    99 |   240 ||   430
       Headbutt          |     6 |    11 |    47 ||    64
  Use: Scroll            |       |     6 |     3 ||     9
       Potion            |       |       |     2 ||     2
Armor: Scale mail        |    72 |    51 |   109 ||   232
       Plate armour      |       |       |    20 ||    20
Dodge: Dodged            |    76 |    66 |   121 ||   263
Block: Buckler           |    44 |    32 |    32 ||   108
       Kite shield       |       |       |    60 ||    60

Table legend: (Time is in decaauts)
 A = Elapsed time spent in this place.
 B = Non-inter-level travel time spent in this place.
 C = Inter-level travel time spent in this place.
 D = Time resting spent in this place.
 E = Time spent auto-exploring this place.
 F = Levels seen in this place.
 G = Mean time per level.
                   A        B        C        D        E       F      G
               +--------+--------+--------+--------+--------+-----+--------+
         Total |   9791 |   9505 |    286 |   2508 |   5797 |   9 | 1087.9 |
       Dungeon |   9657 |   9379 |    278 |   2508 |   5681 |   8 | 1207.1 |
        Temple |    133 |    125 |      8 |      0 |    116 |   1 |  133.0 |
               +--------+--------+--------+--------+--------+-----+--------+

Top non-repeatable levels by time:
     D:6: 1791 daAuts
     D:7: 1735 daAuts
     D:5: 1583 daAuts
     D:4: 1365 daAuts
     D:2: 1334 daAuts
     D:1: 926 daAuts
     D:3: 896 daAuts
  Temple: 133 daAuts
     D:8: 24 daAuts
